 Dungeon Crawl Stone Soup version 0.22-a0-179-gb5258fd (webtiles) character file.

7576 Firecrotchwizard the Severer (level 10, 0/91 HPs)
             Began as a Minotaur Gladiator on Feb 14, 2018.
             Was a Priest of Makhleb.
             Slain by a troll (3 damage)
             ... on level 10 of the Dungeon.
             The game lasted 00:14:19 (8238 turns).

Firecrotchwizard the Severer (Minotaur Gladiator)   Turns: 8238, Time: 00:14:19

Health: 0/91       AC: 12    Str: 22    XL:     10   Next: 97%
Magic:  12/12      EV:  7    Int:  5    God:    Makhleb [***...]
Gold:   378        SH:  0    Dex: 12    Spells: 9/9 levels left

rFire    + . .     SeeInvis .   a - +1 war axe
rCold    . . .     Gourm    .   (no shield)
rNeg     . . .     Faith    .   y - +0 plate armour
rPois    .         Spirit   .   c - +1 hat
rElec    .         Reflect  .   j - scarf {repulsion}
rCorr    .         Harm     .   (no gloves)
MR       .....                  (no boots)
Stlth    ..........             (no amulet)
HPRegen  0.25/turn              m - ring of protection from fire {rF+, !d}
MPRegen  0.13/turn              (no ring)

@: repel missiles
A: retaliatory headbutt, horns 2
a: Minor Destruction, Lesser Servant of Makhleb, Renounce Religion


You were on level 10 of the Dungeon.
You worshipped Makhleb.
Makhleb was most pleased with you.
You were not hungry.

You visited 1 branch of the dungeon, and saw 9 of its levels.

You collected 417 gold pieces.
You spent 39 gold pieces at shops.

Inventory:

Hand Weapons
 a - a +1 war axe (weapon)
 G - a +0 spear of distortion {!w}
   (You took it off a gnoll on level 10 of the Dungeon)
Missiles
 d - 4 throwing nets {=f, !d}
Armour
 b - a +0 leather armour
 c - a +1 hat (worn)
 j - a scarf of repulsion (worn)
   (You found it on level 1 of the Dungeon)
 o - a +0 chain mail
   (You found it on level 2 of the Dungeon)
 y - a +0 plate armour (worn)
   (You took it off an orc warrior on level 7 of the Dungeon)
Jewellery
 m - a ring of protection from fire (left hand) {rF+, !d}
   (You found it on level 5 of the Dungeon)
Wands
 u - a wand of flame (64)
   (You found it on level 3 of the Dungeon)
 x - a wand of iceblast (14)
   (You found it on level 4 of the Dungeon)
 E - a wand of clouds (5)
   (You found it on level 8 of the Dungeon)
 F - a wand of random effects (20)
   (You found it on level 8 of the Dungeon)
Scrolls
 e - 5 scrolls of identify
 g - 3 scrolls of teleportation
 k - 2 scrolls of fog
 n - 2 scrolls of enchant weapon
 r - a scroll of amnesia
 C - a scroll of magic mapping {unknown}
Potions
 h - a potion of resistance {unknown}
 i - a potion of flight {unknown}
 l - 2 potions of haste {unknown}
 p - a potion of lignification {unknown}
 q - 4 potions of invisibility {unknown}
 s - a potion of mutation {unknown}
 v - 3 potions of brilliance
 w - a potion of heal wounds {unknown}
 z - 2 potions of berserk rage {unknown}
 A - 3 potions of curing
 B - 4 potions of degeneration {@e1!q}
Books
 D - a book of Flames
   (You found it on level 8 of the Dungeon)
Comestibles
 f - 18 rations {@e1}
 t - 10 chunks of flesh {@w0}


   Skills:
 - Level 9.2 Fighting
 * Level 15.8 Axes
 - Level 2.0 Throwing
 - Level 4.0 Armour
 - Level 3.2 Dodging
 + Level 5.1 Invocations


You had 9 spell levels left.
You didn't know any spells.

Dungeon Overview and Level Annotations

Branches:
Dungeon (8/15)             Temple (0/1) D:5             Orc (0/2) D:10
   Lair: D:8-11

Altars:
Dithmenos
Elyvilon
Hepliaklqana
Kikubaaqudgha
Makhleb
Nemelex Xobeh
Okawaru
Ru
Sif Muna
Wu Jian
Yredelemnul
Zin
The Shining One

Shops:
D:6 *


Innate Abilities, Weirdness & Mutations

You reflexively headbutt those who attack you in melee.
You have a pair of horns on your head.


Message History

You kill the hippogriff!
Makhleb accepts your kill.
You hit the yak. You barely miss the yak. You slash the yak!
Your orange demon stings the yak from afar.
The yak gores you but does no damage. x2
You hit the yak. You headbutt the yak, but do no damage. You hit the yak.
Your orange demon stings the yak from afar!
The yak gores you but does no damage.
You hit the yak. You slash the yak!
Your orange demon disappears in a puff of smoke!
The yak gores you.
You take 3 damage, and have 61/91 hp.
Your plate armour prevents you from hitting the yak.
You slash the yak! You hit the yak. The yak gores you but does no damage.
The yak gores you.
You take 4 damage, and have 57/91 hp.
You are too injured to fight recklessly!
You are too injured to fight recklessly!
You are too injured to fight recklessly!
You are too injured to fight recklessly!
You hit the yak. You headbutt the yak, but do no damage.
Your plate armour prevents you from hitting the yak.
You slash the yak!
You kill the yak!
Makhleb accepts your kill.
You feel better.
Your Invocations skill increases to level 5!
The yak barely misses you.
You regained 7 hp, and now have 64/91 hp.
You hit the yak but do no damage. You closely miss the yak. You hit the troll.
The yak barely misses you. The troll bites you. The troll claws you. x2
The yak barely misses you.
You take 11 damage, and have 53/91 hp.
You hit the yak. You closely miss the troll. You closely miss the yak.
The yak barely misses you. You furiously retaliate!
You headbutt the yak. The troll bites you.
The troll claws you but does no damage. x2
You take 4 damage, and have 49/91 hp.
You hit the yak.
You kill the yak!
Makhleb accepts your kill.
You feel better.
You barely miss the yak. You slash the troll! The yak gores you!
You hit the yak. You headbutt the yak, but do no damage. You hit the troll.
Your plate armour prevents you from hitting the yak.
The troll completely misses you. You furiously retaliate!
You headbutt the troll. The troll claws you.
The troll claws you but does no damage. The yak gores you!
You take 13 damage, and have 37/91 hp.
You hit the yak. Your headbutt misses the yak. You hit the troll.
You slash the yak! The yak gores you!
* * * LOW HITPOINT WARNING * * *
The troll bites you!
* * * LOW HITPOINT WARNING * * *
The troll claws you but does no damage. x2
You take 21 damage, and have 16/91 hp.
MASSIVE DAMAGE!!
A hound comes into view.
The hound barks!
You slash the yak! The yak gores you but does no damage.
The hound moves out of view.
You hit the yak but do no damage. The yak gores you.
* * * LOW HITPOINT WARNING * * *
You take 2 damage, and have 14/91 hp.
You slash the yak! You headbutt the yak. You slash the yak!
You kill the yak!
Makhleb accepts your kill.
You feel better.
You regained 13 hp, and now have 27/91 hp.
You slice the yak!!
You kill the yak!
Makhleb accepts your kill.
There are monsters nearby!
The hound bites you but does no damage.
You hit the troll but do no damage. Your headbutt misses the troll.
You closely miss the hound. The troll bites you but does no damage.
The troll claws you!
* * * LOW HITPOINT WARNING * * *
The troll claws you.
* * * LOW HITPOINT WARNING * * *
The hound barely misses you. You furiously retaliate!
You headbutt the hound, but do no damage.
You take 12 damage, and have 15/91 hp.
You hit the troll. You miss the hound. The hound closely misses you.
You furiously retaliate!
You headbutt the hound.
Your plate armour prevents you from hitting the troll.
You barely miss the hound. The troll bites you but does no damage.
The troll barely misses you. The troll claws you but does no damage.
The hound bites you but does no damage.
You closely miss the troll.
You headbutt the troll, but do no damage.
You hit the hound. The troll bites you!
* * * LOW HITPOINT WARNING * * *
The troll barely misses you. x2; The hound barely misses you.
You take 13 damage, and have 3/91 hp.
You slash the troll! You headbutt the troll. You miss the hound.
The hound bites you but does no damage. The troll closely misses you.
The troll claws you.
You die...

#################
.................
#.......########
#######.##.#..#########
##......†...............
..#..#####.##.##.##......#
.......YT@................
#.....#.##h.#.##.#######.#
......††....#.##.# #.#
#.....#.#...#.##.# #.#
.................. #.#
...≈. ......#.##> #.#
.....≈....≈.#?# #.# ≈≈≈.
≈.≈....# # #.#
≈≈≈≈≈.≈.≈≈≈.# #..


You could see a yak, a troll and a hound.

Vanquished Creatures
  A two-headed ogre (D:10)
  Pikel (D:5)
  2 hippogriffs
  4 hogs (D:7)
  8 yaks (D:10)
  A human (D:7)
  2 hungry ghosts (D:10)
  2 water moccasins
  2 orc warriors
  4 phantoms
  2 sky beasts
  A slave (D:5)
  The ghost of wolfsongas the Ducker, an amateur GnWn (D:6)
  A wolf (D:10)
  2 centaurs
  6 ogres
  A crocodile (D:10)
  Blork the orc (D:4)
  5 bullfrogs
  5 scorpions
  A troll zombie (D:10)
  3 wights (D:8)
  3 crimson imps
  A quasit (D:6)
  A centaur zombie (D:6)
  A bullfrog skeleton (D:6)
  A jelly (D:6)
  4 orc priests
  9 orc wizards
  A gnoll shaman (D:8)
  4 hounds
  2 iguanas
  9 worker ants
  A killer bee zombie (D:7)
  5 ogre zombies (D:10)
  2 hound skeletons
  8 gnolls
  10 adders
  A shadow imp (D:3)
  An ooze (D:2)
  2 adder skeletons
  4 worms
  8 dart slugs
  4 leopard geckos
  13 orcs
  5 giant cockroaches
  4 goblins
  3 hobgoblins
  6 jackals
  6 kobolds
  5 quokkas
  3 ball pythons
  13 bats
  6 frilled lizards
  2 goblin zombies (D:10)
  A jackal skeleton (D:4)
  15 orc zombies (D:10)
  4 rats
224 creatures vanquished.

Vanquished Creatures (collateral kills)
  A troll (D:10)
  An iguana (D:10)
2 creatures vanquished.

Vanquished Creatures (others)
  A goblin zombie (D:10)
1 creature vanquished.

Grand Total: 227 creatures vanquished

Notes
Turn   | Place    | Note
-------+----------+-------------------------------------------
     0 | D:1      | Firecrotchwizard the Minotaur Gladiator began the quest for the Orb.
     0 | D:1      | Reached XP level 1. HP: 18/18 MP: 0/0
    32 | D:1      | Reached skill level 4 in Axes
   175 | D:1      | Reached XP level 2. HP: 21/25 MP: 1/1
   389 | D:1      | Reached skill level 3 in Fighting
  1056 | D:2      | Reached XP level 3. HP: 31/31 MP: 2/2
  1142 | D:2      | Reached skill level 5 in Axes
  1266 | D:2      | Found a basalt altar of Yredelemnul.
  1436 | D:2      | Reached XP level 4. HP: 38/38 MP: 3/3
  1572 | D:2      | Found a white marble altar of Elyvilon.
  2083 | D:3      | Reached skill level 4 in Fighting
  2172 | D:3      | Reached skill level 6 in Axes
  2280 | D:3      | Reached XP level 5. HP: 39/46 MP: 4/4
  2481 | D:3      | Found a burning altar of Makhleb.
  2483 | D:3      | Noticed a balrug
  2491 | D:3      | Found a glowing silver altar of Zin.
  2492 | D:3      | Noticed an angel
  2495 | D:3      | Became a worshipper of Makhleb the Destroyer
  3092 | D:4      | Reached skill level 7 in Axes
  3092 | D:4      | Reached XP level 6. HP: 49/55 MP: 5/5
  3116 | D:4      | Reached skill level 5 in Fighting
  3275 | D:4      | Reached skill level 8 in Axes
  3301 | D:4      | Reached XP level 7. HP: 45/62 MP: 6/6
  3393 | D:4      | Noticed Blork the orc
  3402 | D:4      | Killed Blork the orc
  3402 | D:4      | Reached * piety under Makhleb
  3981 | D:5      | Entered Level 5 of the Dungeon
  4000 | D:5      | Reached skill level 6 in Fighting
  4048 | D:5      | Reached skill level 9 in Axes
  4287 | D:5      | Found a sacrificial altar of Ru.
  4301 | D:5      | Found a shadowy altar of Dithmenos.
  4302 | D:5      | Found an iron altar of Okawaru.
  4302 | D:5      | Found an ornate altar of the Wu Jian Council.
  4303 | D:5      | Found a hazy altar of Hepliaklqana.
  4304 | D:5      | Found an ancient bone altar of Kikubaaqudgha.
  4305 | D:5      | Found a deep blue altar of Sif Muna.
  4306 | D:5      | Found a glowing golden altar of the Shining One.
  4417 | D:5      | Found a staircase to the Ecumenical Temple.
  4446 | D:5      | Reached XP level 8. HP: 71/71 MP: 7/7
  4754 | D:5      | Reached skill level 10 in Axes
  4785 | D:5      | Noticed Pikel
  4801 | D:5      | Killed Pikel
  4801 | D:5      | Reached skill level 7 in Fighting
  4982 | D:6      | Reached skill level 11 in Axes
  5006 | D:6      | Reached skill level 8 in Fighting
  5130 | D:6      | Noticed wolfsongas's ghost (amateur GnWn)
  5143 | D:6      | Killed wolfsongas's ghost
  5151 | D:6      | Reached XP level 9. HP: 55/82 MP: 8/8
  5418 | D:6      | Found Noafuqit's General Store.
  5473 | D:6      | Bought a scroll of teleportation for 39 gold pieces
  5589 | D:6      | Reached skill level 12 in Axes
  5747 | D:7      | Reached skill level 9 in Fighting
  5786 | D:7      | Reached ** piety under Makhleb
  6106 | D:7      | Reached skill level 1 in Armour
  6107 | D:7      | Reached skill level 13 in Axes
  6107 | D:7      | Reached skill level 2 in Armour
  6114 | D:7      | Reached skill level 3 in Armour
  6400 | D:7      | Got a smoking long sword {antimagic}
  6810 | D:8      | Reached skill level 4 in Armour
  6960 | D:8      | Found a sparkling altar of Nemelex Xobeh.
  7109 | D:8      | Reached skill level 1 in Invocations
  7109 | D:8      | Reached XP level 10. HP: 85/91 MP: 9/9
  7219 | D:8      | Reached skill level 14 in Axes
  7749 | D:8      | You fall through a shaft for 2 floors!
  7749 | D:10     | Entered Level 10 of the Dungeon
  7752 | D:10     | Reached skill level 2 in Invocations
  7792 | D:10     | Reached skill level 3 in Invocations
  7847 | D:10     | Reached *** piety under Makhleb
  7952 | D:10     | Reached skill level 15 in Axes
  8025 | D:10     | Found a staircase to the Orcish Mines.
  8098 | D:10     | Reached skill level 4 in Invocations
  8115 | D:10     | Noticed a two-headed ogre
  8121 | D:10     | Killed a two-headed ogre
  8220 | D:10     | Reached skill level 5 in Invocations
  8225 | D:10     | HP: 16/91 [troll (9)]
  8234 | D:10     | HP: 17/91 [troll (10)]
  8237 | D:10     | HP: 3/91 [troll (13)]
  8238 | D:10     | Slain by a troll

Vault maps used:
D:1:      dpeg_arrival_tiny_a
D:2:      kennysheep_ying_yang, serial_bayou_pond_c
D:3:      grunt_temple_overflow_order_and_chaos_2, minmay_misc_feat_room
D:4:      first_ration, serial_co_window_serial, co_window_corner_a,
          co_window_of_opportunity_a, co_window_paths_a, co_window_corner_a,
          co_window_paths_a, co_window_paths_b, co_window_corner_a,
          co_window_2corner, co_window_of_opportunity_c, co_window_corner_b,
          co_window_2corner, co_window_4corner_b, glass_columns_a,
          glass_columns_c, glass_columns_a, glass_columns_a, glass_columns_c,
          uniq_blork_the_orc
D:5:      minitemple, temple_green, uniq_pikel
D:6:      serial_shops, nicolae_shop_statue_plus
D:7:      grunt_livestock
D:8:      nemelex_xobeh_ov_fountains_minmay
D:10:     erik_lair_island, zombieorc1_lemuel, kennysheep_kite_vault

Skill      XL: |  1  2  3  4  5  6  7  8  9 10 |
---------------+-------------------------------+-----
Axes           | 4 5 6 7 8 9 11 13 15 | 15.8
Fighting       | 3 4 5 6 8 9 |  9.2
Armour         | 4 |  4.0
Invocations    | 1 5 |  5.1
Throwing       | |  2.0
Dodging        | |  3.2

Action                   |  1- 3 |  4- 6 |  7- 9 | 10-12 || total
-------------------------+-------+-------+-------+-------++-------
Melee: War axe           |    79 |   127 |   243 |   214 ||   663
       Headbutt          |    11 |    20 |    57 |    43 ||   131
       Scimitar          |       |       |     3 |       ||     3
Invok: Lesser Servant of |       |       |       |     1 ||     1
  Use: Scroll            |       |       |     9 |       ||     9
  Eat: Chunk             |     2 |     6 |     7 |    10 ||    25
       Ration            |       |       |     2 |       ||     2
Armor: Leather armour    |    12 |       |       |       ||    12
       Chain mail        |    26 |    66 |    64 |       ||   156
       Plate armour      |       |       |    35 |   104 ||   139
Dodge: Dodged            |    41 |    60 |    92 |    59 ||   252
       Deflected         |       |     4 |     3 |     6 ||    13

Table legend:
 A = Spawn XP
 B = Non-spawn XP
 C = Spawn XP percentage of total XP
 D = Spawn monster count
 E = Non-spawn monster count
 F = Spawn count percentage of total count
 G = Total turns spent on level
                    A         B        C        D         E        F      G
               +---------+---------+-------+---------+---------+-------+---------
         Total |       0 |   10824 |   0.0 |       0 |     225 |   0.0 |  8238
               +---------+---------+-------+---------+---------+-------+---------
           D:1 |       0 |      34 |   0.0 |       0 |      20 |   0.0 |   816
           D:2 |       0 |      91 |   0.0 |       0 |      26 |   0.0 |  1051
           D:3 |       0 |     134 |   0.0 |       0 |      19 |   0.0 |   831
           D:4 |       0 |     660 |   0.0 |       0 |      22 |   0.0 |  1283
           D:5 |       0 |    1206 |   0.0 |       0 |      14 |   0.0 |   978
           D:6 |       0 |     961 |   0.0 |       0 |      20 |   0.0 |   684
           D:7 |       0 |    1994 |   0.0 |       0 |      24 |   0.0 |  1123
           D:8 |       0 |    1060 |   0.0 |       0 |      24 |   0.0 |   983
          D:10 |       0 |    4684 |   0.0 |       0 |      56 |   0.0 |   489
               +---------+---------+-------+---------+---------+-------+---------

Vault maps used:
D:1:      dpeg_arrival_tiny_a
D:2:      kennysheep_ying_yang, serial_bayou_pond_c
D:3:      grunt_temple_overflow_order_and_chaos_2, minmay_misc_feat_room
D:4:      first_ration, serial_co_window_serial, co_window_corner_a,
          co_window_of_opportunity_a, co_window_paths_a, co_window_corner_a,
          co_window_paths_a, co_window_paths_b, co_window_corner_a,
          co_window_2corner, co_window_of_opportunity_c, co_window_corner_b,
          co_window_2corner, co_window_4corner_b, glass_columns_a,
          glass_columns_c, glass_columns_a, glass_columns_a, glass_columns_c,
          uniq_blork_the_orc
D:5:      minitemple, temple_green, uniq_pikel
D:6:      serial_shops, nicolae_shop_statue_plus
D:7:      grunt_livestock
D:8:      nemelex_xobeh_ov_fountains_minmay
D:10:     erik_lair_island, zombieorc1_lemuel, kennysheep_kite_vault

Table legend:
 A = Turns spent in this place as a percentage of turns spent in the entire game.
 B = Non-inter-level travel turns spent in this place as a percentage of non-inter-level travel turns spent in the entire game.
 C = Inter-level travel turns spent in this place as a percentage of turns spent in this place.
 D = Turns resting spent in this place as a percentage of non-inter-level travel turns spent in this place.
 E = Turns spent auto-exploring this place as a percentage of non-inter-level travel turns spent in this place.
 F = Non-inter-level travel turns spent in this place divided by the number of levels of this place that you've seen.
                   A       B       C       D       E      F
               +-------+-------+-------+-------+-------+----------------------
         Total | 100.0 | 100.0 |   2.0 |  26.2 |  58.0 | 897.1
       Dungeon | 100.0 | 100.0 |   2.0 |  26.2 |  58.0 | 897.1
               +-------+-------+-------+-------+-------+----------------------

Table legend:
 A = Kills in this place as a percentage of kills in entire the game.
 B = Kills by you in this place as a percentage of kills by you in the entire game.
 C = Kills by friends in this place as a percentage of kills by friends in the entire game.
 D = Other kills in this place as a percentage of other kills in the entire game.
 E = Experience gained in this place as a percentage of experience gained in the entire game.
 F = Experience gained in this place divided by the number of levels of this place that you have seen.
                   A       B       C       D       E      F
               +-------+-------+-------+-------+-------+----------------------
         Total | 100.0 | 100.0 | 100.0 |   N/A | 100.0 | 1202.7
       Dungeon | 100.0 | 100.0 | 100.0 |   N/A | 100.0 | 1202.7
               +-------+-------+-------+-------+-------+----------------------
